Croesus, chaotic male elven Ranger ---- ----------- --/>-------- |.........| |.....[..[.| |.........| |.`-----.-.| |.........| |.`|...|``.| |....<....| |.........-| |.........| |..`.`..|..| |.........| |.----..--.| |.........| |........|.-- |.........| |.---.-...s.------------+| |...|...-.f@`........^^^.| |.........---------------- -----..|..| ------- Croesus the Trailblazer Experience level: 8 Strength: 15 Dexterity: 14 Constitution: 16 Intelligence: 13 Wisdom: 14 Charisma: 8 Health: 0(86) Energy: 91(91) Def: 6 Gold: 71 Moves: 7847 Dungeon seed: Sgw_990WPCksZXee Game ID: Croesus_1561183907 Your Inventory: Weapons c - an uncursed +2 elven arrow (in quiver) d - an uncursed +1 elven dagger (weapon in hand) e - an uncursed +1 elven bow (alternate weapon; not wielded) i - 7 uncursed +0 orcish daggers u - 5 uncursed +0 daggers v - an uncursed +0 elven dagger J - 3 uncursed +0 darts P - 2 uncursed +0 arrows S - a blessed +2 dagger Armor b - an uncursed +2 elven cloak (being worn) q - a blessed +0 pair of iron shoes (being worn) r - a blessed +0 orcish helm (being worn) Comestibles f - 4 uncursed lembas wafers h - an uncursed male lizard corpse t - 5 uncursed food rations U - an uncursed tin of female iguana meat W - an uncursed female lizard corpse Z - an uncursed tripe ration Rings T - an uncursed ring of poison immunity Y - an uncursed ring of see invisible Wands j - an uncursed wand of opening (0:5) p - an uncursed wand of polymorph (0:5) C - an uncursed wand of digging (0:1) K - an uncursed wand of digging (0:6) L - an uncursed wand of secret door detection (0:9) M - an uncursed wand of secret door detection (0:12) R - an uncursed wand of undead turning (0:3) V - an uncursed wand of fire (0:0) X - an uncursed wand of light (0:12) Tools a - a cursed crystal ball (0:5) k - an uncursed bell w - an uncursed magic whistle E - 3 uncursed tallow candles (0:200) H - an uncursed mirror Gems n - an uncursed worthless piece of green glass z - 2 uncursed jasper stones N - 2 uncursed worthless pieces of orange glass Coins $ - 71 gold pieces Spells and supernatural/magical abilities: Name Level Category Cost Memory d - dig 2 matter 2000pw 96% W - pray for help -- divine ? -- Your skills at the end: Fighting Skills wands [Basic] Weapon Skills dagger [Skilled] bow [Expert] Spellcasting Skills Final Attributes: You were piously aligned. You were immune to sleep. You were poison resistant. You saw invisible. You were telepathic. You had automatic searching. You had infravision. You were stealthy. Mars was noncommittal. You are dead. Vanquished creatures: a large dog an elf mummy a giant beetle a quivering blob a cockatrice a spotted jelly a leprechaun 3 gnome kings a dwarf mummy an ogre an owlbear a werewolf 2 lizards a chickatrice a dog 2 housecats 4 blue jellies a snake a rope golem a wood nymph a water nymph 3 rock piercers a rock mole 2 ponies a yellow light a shrieker a gnome lord a black naga hatchling 2 straw golems 8 giant ants a floating eye a kitten 2 dwarves a kobold shaman 8 hill orcs 6 rothes a centipede 2 giant bats a dwarf zombie 4 iguanas 3 acid blobs 4 coyotes a gas spore 15 manes a large kobold 4 hobgoblins 2 giant rats a yellow mold 2 gnomes a gnome zombie 6 geckos 4 jackals 6 foxes 7 goblins a sewer rat 6 grid bugs a bat 6 lichens 9 newts 155 creatures vanquished. Voluntary challenges: You had been an atheist until turn 3732. You used a wielded weapon 173 times, starting on turn 247. You read items or engraved 24 times, starting on turn 5165. You never genocided any monsters. You never polymorphed an object. You never changed form. You used no wishes. You never split a pudding. You wrote Elbereth's name 15 times, starting on turn 5482. You never violated your personal moral code. Dungeon overview: The Dungeons of Doom: levels 1 to 10 Level 1 a long staircase Level 2 a fountain, a vault Level 3 some fountains a long staircase Level 4 a fountain, a sink Level 5 a fountain Level 6 some fountains, a sink, a vault Level 7 an altar to Mercury, a fountain Level 8 many fountains Level 9 stairs to Sokoban Level 10 Sokoban: levels 7 to 8 Level 7 <- You were here Unsolved Level 8 Solved stairs to The Dungeons of Doom History has recorded: On T:1 you entered the Dungeons of Doom to retrieve the Amulet of Yendor! On T:464 you reached level 2 of The Dungeons of Doom. On T:754 you advanced to experience level 2. On T:929 you reached level 3 of The Dungeons of Doom. On T:1137 you reached level 4 of The Dungeons of Doom. On T:1331 you advanced to experience level 3. On T:1846 you reached level 5 of The Dungeons of Doom. On T:2340 you advanced to experience level 4. On T:2444 you reached level 6 of The Dungeons of Doom. On T:2841 you advanced to experience level 5. On T:3529 you reached level 7 of The Dungeons of Doom. On T:3534 you advanced to experience level 6. On T:4260 you advanced to experience level 7. On T:4391 you reached level 9 of The Dungeons of Doom. On T:4448 you reached level 10 of The Dungeons of Doom. On T:5050 you reached level 4 of Sokoban. On T:5491 you reached level 3 of Sokoban. On T:5885 you advanced to experience level 8. Score breakdown: Gold: 71 ( 6318 points) Experience: 8 levels (14739 points) Exploration: 10 levels ( 20.00%) (12857 points) Discoveries: 11 items ( 3.73%) ( 5793 points) Valuables value: (no points given unless you survive) Artifact value: 0 ( 0 points) Variety of kills: 59 monsters ( 15.53%) (11821 points) Turncount: 7847 turns (-2020 points) Survival: died (score multiplied by 80%) Total score: 39606 Latest messages: The giant spider bites! You hit the giant spider. The giant spider bites! (2x) The giant spider's bite was poisoned! You hit the giant spider! The giant spider bites! You hit the giant spider. The giant spider bites! You hit the giant spider. The giant spider bites! You miss the giant spider. The giant spider bites! The giant spider just misses! You hit the giant spider! The giant spider bites! You hit the giant spider! The giant spider bites! You miss the giant spider. The giant spider bites! You hit the giant spider. The giant spider bites! (2x) The giant spider's bite was poisoned! Elf, all your powers will be lost... You write in the dust with your fingers. The giant spider bites! You die... Final status: Goodbye Croesus the Ranger, killed by a giant spider... You died in Sokoban on dungeon level 7 with 39606 points, and 71 pieces of gold, after 7847 moves. You were level 8 with a maximum of 86 hit points when you died.